 Dungeon Crawl Stone Soup version 0.31-a0-221-gbddc013574 (webtiles) character file.

Game seed: 371294457388951690

826 Decritt the Trooper (level 8, -2/62 HPs)
             Began as a Djinni Hedge Wizard on July 4, 2023.
             Was an Initiate of Makhleb.
             Slain by a sky beast (4 damage)
             ... on level 6 of the Dungeon.
             The game lasted 00:27:33 (6177 turns).

Decritt the Trooper (Djinni Hedge Wizard)           Turns: 6177, Time: 00:27:34

Health: -2/62      AC:  2    Str:  9    XL:     8   Next: 17%
Gold:   133        EV: 18    Int: 18    God:    Makhleb [......] SH:  0 Dex: 13

rFire   + + .        x - +0 morningstar (heavy)
rCold   . . .        (no shield)
rNeg    . . .        b - +0 robe
rPois   ∞            c - +0 hat
rElec   .            (no cloak)
rCorr   .            (no gloves)
SInv    .            (boots unavailable)
Will    .....        (no amulet)
Stlth   ++           q - +5 ring of evasion
HPRegen 0.30/turn    n - ring of protection from cold
MPRegen 0.00/turn

%: infuse magic (-3 HP)
@: flying
A: sickness immunity, fire resistance 2, cold vulnerability 1, float, innate
caster, HP casting, extra vitality 1
a: Renounce Religion


You were on level 6 of the Dungeon.
You worshipped Makhleb.
Makhleb was noncommittal.
You visited 2 branches of the dungeon, and saw 7 of its levels.

You collected 289 gold pieces.
You spent 156 gold pieces at shops.

Inventory:

Hand Weapons
 f - a +0 whip of protection
 x - a +0 heavy morningstar (weapon)
Armour
 b - a +0 robe (worn)
 c - a +0 hat (worn)
 r - a +0 leather armour
 w - a +0 ring mail of fire resistance
Jewellery
 n - a ring of protection from cold (right hand)
 q - a +5 ring of evasion (left hand)
Wands
 u - a wand of roots (2)
Scrolls
 d - a scroll of poison
 e - a scroll of fog
 g - a scroll of immolation {unknown}
 j - 5 scrolls of teleportation
 t - a scroll of fear {unknown}
 v - a scroll of revelation
Potions
 a - a potion of brilliance {unknown}
 k - a potion of haste
 l - a potion of curing
 m - 2 potions of heal wounds
 o - a potion of cancellation
 p - a potion of might


   Skills:
 * Level 6.9 Fighting
 + Level 0.0 Armour
 - Level 3.5 Dodging
 - Level 1.5 Stealth
 + Level 4.2 Spellcasting
 + Level 4.2 Conjurations
 + Level 4.2 Hexes
   Level 0.0 Charms
 + Level 4.2 Summonings
 + Level 4.2 Necromancy
 + Level 4.2 Translocations
 + Level 4.2 Transmutations
 + Level 4.2 Fire Magic
 + Level 4.2 Ice Magic
 + Level 4.2 Air Magic
 + Level 4.2 Earth Magic
 + Level 4.2 Poison Magic


You knew the following spells:

 Your Spells              Type           Power      Damage    Failure   Level
a - Magic Dart            Conj           76%        1d6       2%          1
b - Slow                  Hex            76%        N/A       2%          1
c - Mephitic Cloud        Conj/Pois/Air  19%        N/A       8%          3
d - Call Imp              Summ           38%        N/A       3%          2
e - Blink                 Tloc           38%        N/A       3%          2
f - Apportation           Tloc           38%        N/A       2%          1
g - Poisonous Vapours     Pois/Air       38%        N/A       3%          2
h - Wereblood             Tmut           19%        N/A       3%          2
Your spell library was empty.

Dungeon Overview and Level Annotations

Branches:
Dungeon (6/15)             Temple (1/1) D:5

Altars:
Ashenzari
Dithmenos
Elyvilon
Fedhas
Hepliaklqana
Makhleb
Okawaru
Qazlal
Ru
Uskayaw
Yredelemnul
Zin
The Shining One

Shops:
D:3 (   D:4 !

Annotations:
D:3 Natasha
D:6 Dowan


Innate Abilities, Weirdness & Mutations

You are immune to sickness and miasma.
You are immune to poison.
Your flesh is very heat resistant. (rF++)
You are vulnerable to cold. (rC-)
You float through the air rather than walking.
You learn spells naturally, not from books.
Your magical power is your life essence.
You have superior vitality. (+4 MHP)


Message History

Your +0 morningstar becomes incredibly heavy!
x - a +0 heavy morningstar (weapon)
You fly downwards.
Level annotation: Dowan The sky beast completely misses you.
The sky beast misses you.
There is a stone staircase leading up here.
You thump the sky beast!
The sky beast is almost dead.
The sky beast hits you. The sky beast shocks you. The sky beast misses you.
You closely miss the sky beast.
The sky beast is almost dead.
The sky beast hits you. The sky beast shocks you. The sky beast misses you.
You miss the sky beast.
The sky beast is almost dead.
The sky beast hits you but does no damage.
The sky beast barely misses you.
The sky beast flickers out of sight!
Deactivating autopickup; reactivate with Ctrl-A.
Something hits you. Something shocks you.
You hit something. Something hits you. Something shocks you.
Something hits you.
* * * LOW HITPOINT WARNING * * *
Something shocks you.
* * * LOW HITPOINT WARNING * * *
You miss something. Something hits you but does no damage.
Something closely misses you.
You hit something but do no damage. Something hits you but does no damage.
Something hits you.
* * * LOW HITPOINT WARNING * * *
Something shocks you.
* * * LOW HITPOINT WARNING * * *
You closely miss something. Something hits you.
* * * LOW HITPOINT WARNING * * *
Something shocks you.
* * * LOW HITPOINT WARNING * * *
Something hits you.
* * * LOW HITPOINT WARNING * * *
Something shocks you.
* * * LOW HITPOINT WARNING * * *
Something hits you.
You die...

#..# #..#
#.(# #..#
#..#
#.###..##
#.....{.#####
#@.......
###.####. #


There were no monsters in sight!

Vanquished Creatures
  A black bear (D:5)
  An ogre (D:4)
  2 scorpions
  3 hounds (D:5)
  An orc priest (D:5)
  Jessica (D:2)
  Natasha (D:4)
  An orc wizard (D:5)
  5 adders
  2 worms
  2 dart slugs (D:1)
  7 orcs
  6 bats
  10 endoplasms
  2 giant cockroaches (D:1)
  4 goblins
  6 hobgoblins
  4 jackals
  4 quokkas
  7 ball pythons
  A frilled lizard (D:3)
  4 kobolds
  6 rats
81 creatures vanquished.

Vanquished Creatures (collateral kills)
  Blork the orc (D:4)
  A scorpion (D:4)
  A hound (D:4)
  An iguana (D:4)
  An adder (D:3)
  2 dart slugs
  An orc (D:3)
  A goblin (D:3)
  A hobgoblin (D:4)
  2 jackals (D:4)
  A frilled lizard (D:3)
13 creatures vanquished.

Grand Total: 94 creatures vanquished

Notes
Turn   | Place    | Note
-------+----------+-------------------------------------------
     0 | D:1      | Decritt the Djinni Hedge Wizard began the quest for the
                  | Orb.
     0 | D:1      | Decritt set off with the following spells memorised: Magic
                  | Dart, Slow, Blink, Call Imp, Mephitic Cloud.
     0 | D:1      | Reached XP level 1. HP: 15/15 MP: 0/0
   113 | D:1      | Reached XP level 2. HP: 19/21 MP: 0/0
   547 | D:1      | Reached skill level 1 in Fighting
   613 | D:1      | Reached XP level 3. HP: 25/27 MP: 0/0
   613 | D:1      | Learned a level 1 spell: Apportation
  1207 | D:2      | Noticed Jessica
  1216 | D:2      | Killed Jessica
  1217 | D:2      | Reached skill level 2 in Fighting
  1217 | D:2      | Reached XP level 4. HP: 28/33 MP: 0/0
  1975 | D:3      | Found a faded altar of an unknown god.
  2068 | D:3      | Found Xewn's Weapon Emporium.
  2247 | D:3      | Reached XP level 5. HP: 38/39 MP: 0/0
  2247 | D:3      | Learned a level 2 spell: Poisonous Vapours
  2822 | D:4      | Noticed Natasha
  2826 | D:4      | Noticed Blork the orc
  2898 | D:4      | Found Eqyt's Distillery.
  2988 | D:4      | Noticed a black bear
  2992 | D:4      | Noticed a sky beast
  3208 | D:4      | Reached skill level 3 in Fighting
  3306 | D:4      | Found a stormy altar of Qazlal.
  3340 | D:4      | Killed Natasha
  3341 | D:4      | Reached XP level 6. HP: 31/47 MP: 0/0
  3435 | D:4      | Reached skill level 4 in Fighting
  3468 | D:4      | Bought a potion of cancellation for 96 gold pieces
  3468 | D:4      | Bought a potion of heal wounds for 60 gold pieces
  3563 | D:4      | Noticed Natasha
  4316 | D:4      | Noticed an ogre
  4353 | D:4      | Killed an ogre
  4354 | D:4      | Reached skill level 5 in Fighting
  4354 | D:4      | Reached XP level 7. HP: 51/54 MP: 0/0
  4354 | D:4      | Learned a level 2 spell: Wereblood
  4542 | D:4      | Killed Blork the orc
  4773 | D:5      | Entered Level 5 of the Dungeon
  4825 | D:5      | Reached skill level 6 in Fighting
  5274 | D:5      | Found a staircase to the Ecumenical Temple.
  5282 | Temple   | Entered the Ecumenical Temple
  5366 | Temple   | Became a worshipper of Makhleb the Destroyer
  5581 | D:5      | Reached XP level 8. HP: 31/62 MP: 0/0
  6093 | D:6      | Noticed Dowan
  6177 | D:6      | HP: 2/62 [something (5)]
  6177 | D:6      | Slain by a sky beast

Illustrated notes

Levels and vault maps discovered:
D:1:      ncdulo_wetmaze, layout_loops_cross, minivault_23
D:2:      layout_basic, uniq_jessica
D:3:      layout_loops_corners, serial_shops, shop, serial_glass,
          glass_columns_a, glass_columns_a, glass_columns_c, glass_columns_c,
          glass_columns_a, glass_columns_a, glass_columns_a, glass_columns_b,
          glass_columns_b, glass_columns_a, glass_columns_b, glass_columns_a,
          glass_columns_b, glass_columns_a,
          shapermc_ecumenical_altar_mp_ritualfount
D:4:      layout_loops_cross, nicolae_qazlal_beasts_of_the_sky, serial_shops,
          nicolae_shop_industrial_runoff, uniq_blork_the_orc, uniq_natasha
D:5:      nicolae_cairo_tiling_very_big, layout_rooms, general_overflow_altar,
          minmay_temple_entry_mist
D:6:      black_bear_nest_2, layout_loops_ring, uniq_grinder, uniq_pikel,
          uniq_duvessa
Temple:   nicolae_temple_bog_church

Skill      XL: |  1  2  3  4  5  6  7 |
---------------+----------------------+-----
Fighting       | 1 2 3 5 6 |  6.9
Spellcasting   | 3 4 |  4.2
Conjurations   | 3 4 |  4.2
Hexes          | 3 4 |  4.2
Summonings     | 3 4 |  4.2
Necromancy     | 3 4 |  4.2
Translocations | 3 4 |  4.2
Transmutations | 3 4 |  4.2
Fire Magic     | 3 4 |  4.2
Ice Magic      | 3 4 |  4.2
Air Magic      | 3 4 |  4.2
Earth Magic    | 3 4 |  4.2
Poison Magic   | 3 4 |  4.2
Dodging        | 3 |  3.5
Stealth        | |  1.5

Action                     |  1- 3 |  4- 6 |  7- 9 || total
---------------------------+-------+-------+-------++-------
  Melee: Dagger            |     2 |       |       ||     2
         Whip              |       |     1 |    13 ||    14
         Morningstar       |       |       |     7 ||     7
   Cast: Magic Dart        |    56 |   143 |   106 ||   305
         Call Imp          |     3 |    19 |    15 ||    37
         Slow              |       |     9 |    18 ||    27
         Blink             |       |     3 |     1 ||     4
         Mephitic Cloud    |       |     2 |    17 ||    19
         Poisonous Vapours |       |     1 |       ||     1
         Wereblood         |       |       |     1 ||     1
    Use: Scroll            |       |     4 |     9 ||    13
 Armour: Robe              |     5 |     9 |     8 ||    22
  Dodge: Dodged            |    21 |   100 |    39 ||   160

Table legend: (Time is in decaauts)
 A = Elapsed time spent in this place.
 B = Non-inter-level travel time spent in this place.
 C = Inter-level travel time spent in this place.
 D = Time resting spent in this place.
 E = Time spent auto-exploring this place.
 F = Levels seen in this place.
 G = Mean time per level.
                   A        B        C        D        E       F      G
               +--------+--------+--------+--------+--------+-----+--------+
         Total |   6188 |   6016 |    172 |   1958 |   2838 |   7 |  884.0 |
       Dungeon |   6090 |   5931 |    159 |   1958 |   2776 |   6 | 1015.0 |
        Temple |     97 |     84 |     13 |      0 |     62 |   1 |   97.0 |
               +--------+--------+--------+--------+--------+-----+--------+

Top non-repeatable levels by time:
     D:4: 1831 daAuts
     D:5: 1220 daAuts
     D:1: 1203 daAuts
     D:3: 1122 daAuts
     D:2: 676 daAuts
  Temple: 97 daAuts
     D:6: 37 daAuts
